[Event "European Women Rapid-ch 2023"]
[Site "Monaco"]
[Date "2024.01.13"]
[Round "3.1"]
[White "Kosteniuk, Alexandra"]
[Black "Zhukova, Natalia"]
[Result "1-0"]
[ECO "C50"]
[WhiteElo "2501"]
[BlackElo "2301"]
[Annotator "RC"]
[PlyCount "61"]
[EventDate "2023.12.19"]
[EventType "swiss"]
[EventCountry "MNC"]
[SourceTitle "playchess.com"]
[Source "ChessBase"]
[SourceQuality "1"]
[TimeControl "900+10"]

1. e4 e5 2. Nf3 Nc6 3. Bc4 Bc5 4. d3 Nf6 5. Nc3 O-O 6. O-O h6 7. h3 a6 8. a4 d6 9. Be3 Nd4 10. Bxd4 exd4 11. Ne2 d5 12. Bb3 dxe4 13. dxe4 Nxe4 14. Nexd4 Qf6 15. c3 Ng5 16. Nxg5 Qxg5 17. Qf3 Bxd4 18. cxd4 c6 19. Rae1 Qf5 20. Qc3 Qf6 21. Re5 Bd7 22. a5 Rad8 23. Rfe1 Bc8 24. R1e3 Qd6 25. d5 cxd5 26. Rxd5 Qg6 27. Rg3 Qh7 28. Rxd8 Rxd8 29. Qc7 Rf8 30. Bxf7+ Kh8 31. Qe7 1-0

[Event "European Women Rapid-ch 2023"]
[Site "Monaco"]
[Date "2024.01.13"]
[Round "3.2"]
[White "Khotenashvili, Bella"]
[Black "Hrebenshchykova, Yelyzaveta"]
[Result "0-1"]
[ECO "D02"]
[WhiteElo "2467"]
[BlackElo "2275"]
[Annotator "RC"]
[PlyCount "92"]
[EventDate "2023.12.19"]
[EventType "swiss"]
[EventCountry "MNC"]
[SourceTitle "playchess.com"]
[Source "ChessBase"]
[SourceQuality "1"]
[TimeControl "900+10"]

1. Nf3 Nf6 2. g3 g6 3. Bg2 Bg7 4. d4 d5 5. a4 a5 6. c3 O-O 7. O-O b6 8. Bf4 Bb7 9. Na3 Na6 10. Qc1 Ne4 11. Bh6 f6 12. Bxg7 Kxg7 13. Nd2 Nd6 14. Qc2 c5 15. e3 e5 16. dxe5 fxe5 17. Rad1 Bc6 18. Ndc4 Nxc4 19. Nxc4 Re8 20. f4 e4 21. Ne5 Qc7 22. c4 d4 23. exd4 cxd4 24. Rxd4 Nc5 25. b3 Rxe5 26. fxe5 Qxe5 27. Rdd1 Nd3 28. Qe2 Rd8 29. Qe3 Qd4 30. Rfe1 Rd7 31. Rxd3 Qxd3 32. Qxb6 Qd2 33. Qe3 Qxe3+ 34. Rxe3 Rd4 35. Kf2 Kf6 36. Bf1 Ke5 37. Rc3 Rd2+ 38. Be2 Kd4 39. Rc1 e3+ 40. Ke1 Rb2 41. Rd1+ Ke4 42. Rd6 Rb1+ 43. Bd1 Bb7 44. Rd7 Bc8 45. Re7+ Kd3 46. Rf7 Bg4 0-1

[Event "European Women Rapid-ch 2023"]
[Site "Monaco"]
[Date "2024.01.13"]
[Round "3.3"]
[White "Schulze, Lara"]
[Black "Stefanova, Antoaneta"]
[Result "1/2-1/2"]
[ECO "C30"]
[WhiteElo "2285"]
[BlackElo "2431"]
[Annotator "RC"]
[PlyCount "101"]
[EventDate "2023.12.19"]
[EventType "swiss"]
[EventCountry "MNC"]
[SourceTitle "playchess.com"]
[Source "ChessBase"]
[SourceQuality "1"]
[TimeControl "900+10"]

1. e4 e5 2. Nc3 Nc6 3. Bc4 Nf6 4. d3 Na5 5. Bb3 Nxb3 6. axb3 Bc5 7. f4 d6 8. Nf3 Ng4 9. Qe2 exf4 10. d4 Bb6 11. Bxf4 c6 12. h3 Nf6 13. O-O Nh5 14. Bh2 O-O 15. Kh1 d5 16. e5 f5 17. exf6 Rxf6 18. Ne5 Qe8 19. g4 Rxf1+ 20. Rxf1 Nf6 21. Qd3 Be6 22. Ne2 Qe7 23. Ng3 Rf8 24. Kg2 c5 25. dxc5 Qxc5 26. Nf5 Ne4 27. c3 Bxf5 28. gxf5 Nf6 29. b4 Qc8 30. Bg3 Bc7 31. Ng4 Rd8 32. Nxf6+ gxf6 33. Bxc7 Qxc7 34. Qg3+ Qxg3+ 35. Kxg3 Re8 36. Rd1 Re5 37. Kf4 Kf7 38. Rd3 a6 39. b3 Ke7 40. Rg3 Re4+ 41. Kf3 Kf7 42. Rg1 Re5 43. Kf4 Re2 44. Rd1 Re4+ 45. Kf3 Re5 46. Kf4 Ke7 47. Rg1 Re4+ 48. Kf3 Kf7 49. Rd1 Re5 50. Kf4 Ke7 51. Rg1 1/2-1/2

[Event "European Women Rapid-ch 2023"]
[Site "Monaco"]
[Date "2024.01.13"]
[Round "3.4"]
[White "Kulon, Klaudia"]
[Black "Khademalsharieh, Sarasadat"]
[Result "0-1"]
[ECO "A13"]
[WhiteElo "2323"]
[BlackElo "2486"]
[Annotator "RC"]
[PlyCount "78"]
[EventDate "2023.12.19"]
[EventType "swiss"]
[EventCountry "MNC"]
[SourceTitle "playchess.com"]
[Source "ChessBase"]
[SourceQuality "1"]
[TimeControl "900+10"]

1. c4 e6 2. g3 d5 3. Bg2 Nf6 4. Nf3 d4 5. b4 c5 6. bxc5 Bxc5 7. O-O Nc6 8. e3 O-O 9. Ba3 Bxa3 10. Nxa3 e5 11. exd4 e4 12. Ne1 Nxd4 13. h3 Qa5 14. Nb1 Be6 15. d3 Rfd8 16. Nd2 exd3 17. Nxd3 Bf5 18. Nf4 Nc2 19. Nd5 Nxd5 20. Nb3 Qc7 21. cxd5 Nxa1 22. Qxa1 Rac8 23. Qd4 b6 24. Rc1 Qd6 25. Rxc8 Rxc8 26. Qa4 a5 27. Nd4 Bd7 28. Nc6 Re8 29. h4 Qf6 30. Qd1 Qc3 31. Kh2 Qb2 32. Qd4 Qxd4 33. Nxd4 b5 34. d6 Rd8 35. Nb3 Be6 36. Nd4 b4 37. Nb5 Bc4 38. a4 Bxb5 39. axb5 Rxd6 0-1

[Event "European Women Rapid-ch 2023"]
[Site "Monaco"]
[Date "2024.01.13"]
[Round "3.5"]
[White "Papp, Petra"]
[Black "Javakhishvili, Lela"]
[Result "1/2-1/2"]
[ECO "B30"]
[WhiteElo "2267"]
[BlackElo "2433"]
[Annotator "TA"]
[PlyCount "48"]
[EventDate "2023.12.19"]
[EventType "swiss"]
[EventCountry "MNC"]
[SourceTitle "playchess.com"]
[Source "ChessBase"]
[SourceQuality "1"]
[TimeControl "900+10"]

1. e4 c5 2. Nf3 Nc6 3. Nc3 e5 4. Bc4 d6 5. d3 Be7 6. Nd2 Nd4 7. Nf1 Be6 8. Ne3 Nf6 {[%emt 0:00:53] White is slightly better.} 9. O-O O-O 10. Ncd5 b5 11. Nxf6+ Bxf6 12. Bd5 Bxd5 $1 13. Nxd5 Bg5 14. c3 Bxc1 15. Rxc1 Ne6 16. a4 a6 17. Ra1 b4 18. cxb4 cxb4 19. Nxb4 Qb6 20. Nd5 Qxb2 21. Rb1 Qa3 22. Ra1 Qb2 23. Rb1 Qa3 24. Ra1 Qb2 {[%emt 0:00:02] Weighted Error Value: White=0.10 (very precise) /Black=0.06 (flawless) .  Inaccurate:     	White=1     	Black=1      OK:         	White=5     	Black=6      Strong:       	---       	Black=1} 1/2-1/2

[Event "European Women Rapid-ch 2023"]
[Site "Monaco"]
[Date "2024.01.13"]
[Round "3.6"]
[White "Unuk, Laura"]
[Black "Wagner, Dinara"]
[Result "1/2-1/2"]
[ECO "D11"]
[WhiteElo "2346"]
[BlackElo "2459"]
[Annotator "RC"]
[PlyCount "58"]
[EventDate "2023.12.19"]
[EventType "swiss"]
[EventCountry "MNC"]
[SourceTitle "playchess.com"]
[Source "ChessBase"]
[SourceQuality "1"]
[TimeControl "900+10"]

1. d4 Nf6 2. Nf3 d5 3. g3 Bf5 4. Bg2 h6 5. O-O e6 6. c4 c6 7. Nc3 Be7 8. Qb3 Qb6 9. c5 Qxb3 10. axb3 a6 11. b4 O-O 12. b5 cxb5 13. Nxb5 Nc6 14. Nc3 Nd7 15. Na4 Bf6 16. Rd1 Bc2 17. Rd2 Be4 18. e3 Rfb8 19. Nc3 Bg6 20. Bf1 b6 21. cxb6 Rxb6 22. Ne1 Nb4 23. Nd3 Nxd3 24. Bxd3 Bxd3 25. Rxd3 Rb3 26. Kf1 Bd8 27. Ke2 Rb6 28. Na4 Rc6 29. Bd2 Rac8 1/2-1/2

[Event "European Women Rapid-ch 2023"]
[Site "Monaco"]
[Date "2024.01.13"]
[Round "3.7"]
[White "Batsiashvili, Nino"]
[Black "Movsesian, Julia"]
[Result "1-0"]
[ECO "D37"]
[WhiteElo "2451"]
[BlackElo "2257"]
[Annotator "RC"]
[PlyCount "87"]
[EventDate "2023.12.19"]
[EventType "swiss"]
[EventCountry "MNC"]
[SourceTitle "playchess.com"]
[Source "ChessBase"]
[SourceQuality "1"]
[TimeControl "900+10"]

1. d4 d5 2. c4 e6 3. Nc3 Nf6 4. Nf3 Be7 5. Bf4 O-O 6. e3 a6 7. Rc1 dxc4 8. Bxc4 c5 9. O-O b5 10. Be2 Nbd7 11. d5 exd5 12. Nxd5 Nxd5 13. Qxd5 Ra7 14. Rfd1 Qb6 15. Bd6 Bb7 16. Qd2 Bxd6 17. Qxd6 Qxd6 18. Rxd6 Bxf3 19. Bxf3 c4 20. b3 Ne5 21. bxc4 Nxc4 22. Rd4 Rc7 23. Bd5 Rb8 24. g4 Rbc8 25. Bxc4 bxc4 26. Rc3 Rc5 27. Kg2 g6 28. f4 Kg7 29. Kf3 R8c7 30. e4 Ra5 31. Rd2 Ra4 32. e5 Rc5 33. Ke4 Rca5 34. f5 Rxa2 35. f6+ Kh6 36. Rxa2 Rxa2 37. h4 Re2+ 38. Kd5 Rd2+ 39. Kxc4 Rg2 40. Kd5 Rxg4 41. Rc7 g5 42. h5 a5 43. Rxf7 a4 44. e6 1-0

[Event "European Women Rapid-ch 2023"]
[Site "Monaco"]
[Date "2024.01.13"]
[Round "3.8"]
[White "Charkhalashvili, Inga"]
[Black "Vega Gutierrez, Sabrina"]
[Result "1/2-1/2"]
[ECO "D63"]
[WhiteElo "2239"]
[BlackElo "2378"]
[Annotator "RC"]
[PlyCount "93"]
[EventDate "2023.12.19"]
[EventType "swiss"]
[EventCountry "MNC"]
[SourceTitle "playchess.com"]
[Source "ChessBase"]
[SourceQuality "1"]
[TimeControl "900+10"]

1. d4 d5 2. c4 e6 3. Nc3 Nf6 4. Bg5 Be7 5. e3 a6 6. Nf3 O-O 7. Rc1 Nbd7 8. cxd5 exd5 9. Bd3 c6 10. O-O Ne4 11. Bxe7 Qxe7 12. Bxe4 dxe4 13. Nd2 Nf6 14. f3 exf3 15. Qxf3 Bg4 16. Qg3 Bh5 17. e4 Rad8 18. e5 Nd5 19. Nde4 Bg6 20. Nd6 f6 21. Nxd5 cxd5 22. Qb3 Qe6 23. Nxb7 Rb8 24. Nc5 Qc6 25. Qe3 fxe5 26. Rxf8+ Rxf8 27. Qxe5 Re8 28. Qg3 Qf6 29. Qf2 Qb6 30. Re1 Be4 31. Rf1 Qg6 32. Nd7 h6 33. Ne5 Qe6 34. Rc1 Rf8 35. Qd2 Rf5 36. Rc6 Qe8 37. Qc1 Qh5 38. Rc3 Qe2 39. Nf3 Bxf3 40. Rxf3 Rxf3 41. gxf3 Qxf3 42. Qc8+ Kh7 43. Qc2+ Kg8 44. Qc8+ Kf7 45. Qb7+ Kg8 46. Qc8+ Kh7 47. Qc2+ 1/2-1/2

[Event "European Women Rapid-ch 2023"]
[Site "Monaco"]
[Date "2024.01.13"]
[Round "3.9"]
[White "Zimina, Olga"]
[Black "Haussernot, Cecile"]
[Result "1-0"]
[ECO "D02"]
[WhiteElo "2291"]
[BlackElo "2136"]
[Annotator "TA"]
[PlyCount "113"]
[EventDate "2023.12.19"]
[EventType "swiss"]
[EventCountry "MNC"]
[SourceTitle "playchess.com"]
[Source "ChessBase"]
[SourceQuality "1"]
[TimeControl "900+10"]

1. d4 d5 2. Nf3 Nf6 3. g3 Bf5 4. Nh4 Be4 5. f3 Bg6 6. Nxg6 {[%emt 0:00:19] D02: Damenbauernspiele.} hxg6 7. c3 $146 ({Predecessor:} 7. Bg2 c5 8. c3 e6 9. Be3 Qc7 10. O-O Nbd7 11. Bf2 e5 12. Nd2 Bd6 13. e4 dxe4 14. dxe5 Nxe5 15. Nxe4 Nxe4 {1-0 Bryakin,M (2437)-Ibadov,D (2308) Pozarevac Rudar 7th 2022 (9)}) 7... Nbd7 8. Qb3 Qc8 9. Bg2 c5 10. O-O e5 11. dxe5 Nxe5 12. Bg5 c4 13. Qb5+ Ned7 14. Bxf6 gxf6 15. Qxd5 Ne5 16. Qb5+ Qd7 17. Qxd7+ Kxd7 18. Rd1+ Kc7 19. h3 Bc5+ 20. Kf1 g5 21. b4 Be3 22. Na3 Rad8 23. Nb5+ Kb6 24. a4 f5 25. Nd6 (25. Rd6+ {vereinfacht} Rxd6 26. Nxd6 f4 27. Rd1) 25... f4 26. Rd5 (26. g4 $16) 26... f6 (26... Kc6 $1 $14 27. Rad1 (27. Rxe5 Rxd6 28. Rxg5 Rhd8 $11) 27... Nd3 28. exd3 Kxd5 29. Nxf7 Rc8 30. Nxh8 (30. Nxg5 cxd3 31. Rxd3+ Kc4 $11) 30... Rxh8) 27. Rad1 $18 fxg3 $2 {[%emt 0:00:08] [#]} (27... Kc7 28. h4 a6 29. hxg5 fxg5) 28. Nxc4+ $2 (28. f4 $1 $18 {[%mdl 512] Weiss will mit Rb5+ Matt setzen.} Nd3 (28... Rxd6 29. Rxd6+) 29. Nxc4+ (29. exd3 Bxf4 30. dxc4 Bxd6 $18) 29... Kc7 30. Nxe3 (30. R1xd3 Rxd5 31. Rxd5 gxf4 $18) 30... Nxf4 31. Rxd8 Rxd8 32. Rxd8 Kxd8 33. Nd5 (33. Bxb7 Nxh3 34. Bf3 Nf4 $18)) 28... Nxc4 $11 29. Rxd8 Rxd8 30. Rxd8 Bf2 31. Rd3 Ne3+ 32. Rxe3 Bxe3 33. Ke1 f5 34. f4 Bxf4 35. Kd1 a5 36. Kc2 Be3 37. Kd3 f4 38. Bf3 axb4 39. cxb4 Kc7 40. Kc4 Bf2 41. Kb5 Be3 42. a5 Bd2 43. Ka4 Kb8 44. b5 Ka7 45. Be4 b6 46. a6 $1 Be3 47. Kb3 Bd2 48. Kc4 Be3 49. Bf3 Bc5 {[%emt 0:00:10] [#]} (49... Kb8 $11) 50. Kd5 (50. e4 $1 $16 {[%cal Re4e5] Droht Matt per e5.} fxe3 51. Kd3) 50... Bf2 51. Ke6 Bc5 52. Kf6 g2 $2 (52... Be3 $11) 53. Bxg2 Be3 54. Bf3 (54. Kxg5 {ist ein Selbstmatt.} f3+ 55. Kh5 fxg2 (55... fxe2 $2 56. Kg4 $19) 56. h4 Bd2 (56... g1=N $2 57. Kg4 $19) 57. Kg6 g1=Q+ (57... g1=B $2 58. e4 $19) 58. Kf5 Qe3 59. Kf6 Qe4 (59... Qxe2 {wird mattgesetzt.} 60. Kf5 Bc1 61. h5 Bh6 62. Kf6 Qe4 63. Kf7 Qe5 64. Kg6 Qe6+ 65. Kh7 Qf6 66. Kg8 Qg7#) 60. h5 Bf4 (60... Qxe2 61. Kf5 Qf3+ 62. Ke5 Bc3+ 63. Ke6 Qxh5 64. Kd7 Qf5+ 65. Ke7 Qd5 66. Ke8 Bf6 67. Kf8 Qd7 68. Kg8 Qg7#) 61. h6 Bxh6 62. e3 Bxe3 63. Kg7 Qf5 64. Kh8 Bd4+ (64... Qxb5 65. Kg7 Qf5 66. Kh8 Bd4+ 67. Kg8 Qg6+ 68. Kf8 Bc5#) 65. Kg8 Qg6+ 66. Kf8 Bc5#) 54... Bc5 55. Kxg5 Be7+ 56. Kxf4 Bd6+ 57. Kf5 1-0

[Event "European Women Rapid-ch 2023"]
[Site "Monaco"]
[Date "2024.01.13"]
[Round "3.10"]
[White "Osmak, Yuliia"]
[Black "Rudzinska, Michalina"]
[Result "1-0"]
[ECO "B13"]
[WhiteElo "2450"]
[BlackElo "2241"]
[Annotator "RC"]
[PlyCount "105"]
[EventDate "2023.12.19"]
[EventType "swiss"]
[EventCountry "MNC"]
[SourceTitle "playchess.com"]
[Source "ChessBase"]
[SourceQuality "1"]
[TimeControl "900+10"]

1. e4 c6 2. d4 d5 3. exd5 cxd5 4. Bd3 Nf6 5. h3 Nc6 6. c3 g6 7. Nf3 Bf5 8. Be2 e6 9. Bf4 h6 10. Qb3 Qc8 11. Nbd2 g5 12. Bh2 Be7 13. Ne5 Ne4 14. Nxe4 Bxe4 15. O-O h5 16. f4 g4 17. hxg4 hxg4 18. Bxg4 f5 19. Bf3 Nxe5 20. fxe5 Bxf3 21. Rxf3 Kf7 22. Raf1 Rh5 23. Bf4 Qh8 24. Kf2 Rg8 25. Rg1 Rh1 26. Qd1 Qh4+ 27. Ke3 Rxg1 28. Qxg1 Bg5 29. Qf2 Bxf4+ 30. Rxf4 Rg3+ 31. Rf3 Qg5+ 32. Kd3 Rxg2 33. Qe3 Qg4 34. Qf4 Qxf4 35. Rxf4 Rxb2 36. Rh4 Kg6 37. a4 Ra2 38. Rh8 Rxa4 39. Rb8 f4 40. Rxb7 Ra6 41. Rc7 Kf5 42. Rf7+ Kg4 43. Rg7+ Kf3 44. Rd7 Kg2 45. Rd6 Rb6 46. Rd7 a6 47. Rd6 f3 48. Rxb6 f2 49. Rb1 f1=Q+ 50. Rxf1 Kxf1 51. c4 dxc4+ 52. Kxc4 a5 53. d5 1-0

[Event "European Women Rapid-ch 2023"]
[Site "Monaco"]
[Date "2024.01.13"]
[Round "3.11"]
[White "Radeva, Viktoria"]
[Black "Guichard, Pauline"]
[Result "0-1"]
[ECO "C54"]
[WhiteElo "2325"]
[BlackElo "2385"]
[Annotator "RC"]
[PlyCount "112"]
[EventDate "2023.12.19"]
[EventType "swiss"]
[EventCountry "MNC"]
[SourceTitle "playchess.com"]
[Source "ChessBase"]
[SourceQuality "1"]
[TimeControl "900+10"]

1. e4 e5 2. Nf3 Nc6 3. Bc4 Nf6 4. d3 Bc5 5. O-O d6 6. c3 a6 7. a4 Ba7 8. Nbd2 O-O 9. h3 Ne7 10. Re1 Ng6 11. Nf1 c6 12. Bb3 d5 13. Ng3 Be6 14. Bc2 a5 15. Be3 Bxe3 16. Rxe3 Qb6 17. Qc1 dxe4 18. dxe4 h6 19. Re1 Rad8 20. Nf5 Rfe8 21. Rb1 Ba2 22. Ra1 Bc4 23. Ne3 Be6 24. Nf5 Rd7 25. g3 Red8 26. Kg2 Bc4 27. Re3 Qc5 28. Qe1 Qb6 29. Qc1 Bd3 30. Rb1 Qc5 31. Ra1 Qc4 32. Nd2 Qa6 33. Nf3 Qc4 34. Nd2 Qe6 35. Nf3 Ne7 36. Nxe7+ Qxe7 37. Nh4 Bxc2 38. Qxc2 Rd2 39. Qb3 Qc5 40. Rf3 R8d3 41. Rf1 b5 42. Rxd3 Rxd3 43. axb5 cxb5 44. Rd1 Nxe4 45. Rf1 Rd2 46. Kf3 Rxf2+ 47. Rxf2 Nxf2 48. Ng6 Nd3 49. Ke4 a4 50. Qc2 Qc6+ 51. Kxd3 Qxg6+ 52. Kd2 Qxc2+ 53. Kxc2 f5 54. b3 axb3+ 55. Kxb3 f4 56. gxf4 exf4 0-1

[Event "European Women Rapid-ch 2023"]
[Site "Monaco"]
[Date "2024.01.13"]
[Round "3.12"]
[White "Savina, Anastasia"]
[Black "Monpeurt, Cyrielle"]
[Result "1/2-1/2"]
[ECO "A77"]
[WhiteElo "2340"]
[BlackElo "2187"]
[Annotator "RC"]
[PlyCount "129"]
[EventDate "2023.12.19"]
[EventType "swiss"]
[EventCountry "MNC"]
[SourceTitle "playchess.com"]
[Source "ChessBase"]
[SourceQuality "1"]
[TimeControl "900+10"]

1. d4 Nf6 2. c4 c5 3. d5 e6 4. Nc3 exd5 5. cxd5 d6 6. Nf3 g6 7. Nd2 Nbd7 8. e4 a6 9. a4 Bg7 10. Be2 O-O 11. O-O Re8 12. h3 g5 13. Re1 Ne5 14. Nf1 h6 15. Ng3 Ng6 16. Ra3 Rb8 17. Rb3 Bd7 18. Bd2 Qc7 19. Qc2 c4 20. Ra3 b5 21. axb5 axb5 22. Na2 Ra8 23. Rxa8 Rxa8 24. Nb4 Qb6 25. Bc3 Nf4 26. Bf1 h5 27. Qd2 h4 28. Nf5 Bxf5 29. exf5 Qb7 30. g3 hxg3 31. fxg3 N4xd5 32. Bg2 Qb6+ 33. Bd4 Qa5 34. Bxf6 Nxf6 35. Bxa8 Qxa8 36. Qxd6 Ne4 37. Qb6 Nxg3 38. Qc6 Qxc6 39. Nxc6 Bxb2 40. Ne7+ Kg7 41. Kf2 Nh5 42. Ke2 Nf4+ 43. Kd2 Nxh3 44. Kc2 Ba3 45. Nd5 Nf4 46. Nxf4 gxf4 47. Rb1 b4 48. Rf1 b3+ 49. Kc3 Bd6 50. Kxc4 b2 51. Kd5 Bb4 52. Rb1 Bc3 53. Ke4 Kf6 54. Kd3 Be5 55. Ke4 Bc3 56. Rd1 f3 57. Kxf3 Kxf5 58. Rd5+ Ke6 59. Rb5 Be5 60. Ke4 f6 61. Rb6+ Kd7 62. Kd5 Kc7 63. Rb4 Kd7 64. Rb7+ Kc8 65. Rb5 1/2-1/2

[Event "European Women Rapid-ch 2023"]
[Site "Monaco"]
[Date "2024.01.13"]
[Round "3.13"]
[White "Paehtz, Elisabeth"]
[Black "Paasikangas, Johanna"]
[Result "1-0"]
[ECO "D02"]
[WhiteElo "2461"]
[BlackElo "2038"]
[Annotator "RC"]
[PlyCount "39"]
[EventDate "2023.12.19"]
[EventType "swiss"]
[EventCountry "MNC"]
[SourceTitle "playchess.com"]
[Source "ChessBase"]
[SourceQuality "1"]
[TimeControl "900+10"]

1. d4 d5 2. Nf3 c6 3. Bf4 Qb6 4. Qc1 e6 5. e3 Nf6 6. c4 dxc4 7. Bxc4 Be7 8. Nc3 Nbd7 9. O-O O-O 10. Qc2 c5 11. d5 exd5 12. Bxd5 Bd6 13. Bxd6 Qxd6 14. Rad1 Qe7 15. e4 Rb8 16. Bc4 b6 17. Nd5 Qxe4 18. Qxe4 Nxe4 19. Ne7+ Kh8 20. Nxc8 1-0

[Event "European Women Rapid-ch 2023"]
[Site "Monaco"]
[Date "2024.01.13"]
[Round "3.14"]
[White "Hnatyshyn, Anastasiia"]
[Black "Salimova, Nurgyul"]
[Result "0-1"]
[ECO "B15"]
[WhiteElo "2152"]
[BlackElo "2426"]
[Annotator "RC"]
[PlyCount "78"]
[EventDate "2023.12.19"]
[EventType "swiss"]
[EventCountry "MNC"]
[SourceTitle "playchess.com"]
[Source "ChessBase"]
[SourceQuality "1"]
[TimeControl "900+10"]

1. e4 c6 2. d4 d5 3. Nc3 dxe4 4. Nxe4 Nf6 5. Nxf6+ exf6 6. Be3 Bd6 7. Bd3 O-O 8. Ne2 Na6 9. c3 Nc7 10. Qc2 g6 11. c4 Re8 12. O-O f5 13. Rfe1 Bd7 14. Rad1 a5 15. c5 Bf8 16. Nc3 Be6 17. Bf4 Nd5 18. Nxd5 Qxd5 19. Be5 Qxa2 20. Ra1 Qd5 21. Qc3 Bg7 22. Bxg7 Kxg7 23. Re5 Qb3 24. Ra3 Qxc3 25. bxc3 a4 26. f3 Bb3 27. Rxe8 Rxe8 28. Kf2 f4 29. g3 Re3 30. Be2 Rxc3 31. gxf4 Kf6 32. Ke1 Rc1+ 33. Kd2 Rh1 34. Ke3 h5 35. Bd3 h4 36. Be2 h3 37. Bd3 Rxh2 38. Ra1 Rb2 39. Be2 h2 0-1

[Event "European Women Rapid-ch 2023"]
[Site "Monaco"]
[Date "2024.01.13"]
[Round "3.15"]
[White "Hunt, Harriet V"]
[Black "Gvetadze, Sofio"]
[Result "1-0"]
[ECO "B27"]
[WhiteElo "2306"]
[BlackElo "2298"]
[Annotator "TA"]
[PlyCount "87"]
[EventDate "2023.12.19"]
[EventType "swiss"]
[EventCountry "MNC"]
[SourceTitle "playchess.com"]
[Source "ChessBase"]
[SourceQuality "1"]
[TimeControl "900+10"]

1. e4 c5 2. Nf3 g6 3. d4 cxd4 4. Qxd4 Nf6 5. e5 Nc6 6. Qf4 Nd5 7. Qe4 Nc7 8. Nc3 Bg7 9. Bc4 (9. Bf4 $1 $14) 9... Na5 (9... b5 $15 10. Nxb5 Nxb5) 10. Be2 {[%emt 0:01:29] Black is weak on the dark squares} O-O {[%emt 0:00:13] White has an edge.} 11. O-O d5 12. exd6 exd6 13. Be3 Nc6 14. Rad1 Bf5 15. Qa4 a6 16. Rd2 b5 17. Qh4 b4 (17... Qxh4 $11 18. Nxh4 Be6) 18. Na4 $14 Nb5 19. Rfd1 (19. Qc4 $14 Qe8 20. Rfd1) 19... Qc7 (19... Rb8 $11) 20. Bh6 {[%emt 0:00:41] White is more active.} ({Better is} 20. Nb6 $16 {Strongly threatening g4.} Rae8 21. Nd5) 20... Ne5 (20... Bxh6 $11 21. Qxh6 Ne5) 21. Bxg7 $16 Kxg7 22. Ng5 (22. Qxb4 $18 {Threatens to win with b3.} Bxc2 23. Rc1) 22... h6 $11 23. Nf3 Rac8 {[%emt 0:00:39] [#]} (23... Qa5 $11 24. c4 bxc3 25. Nxc3 Nxc3 26. bxc3 Qxc3) 24. Qxb4 ({White should play} 24. Nxe5 $1 $16 dxe5 25. Qxb4) 24... Rfe8 {[%emt 0:00:44] [#] White leaves nothing to chance now.} (24... Nc4 $11 {remains equal.}) 25. Nd4 $1 $36 {[%emt 0:00:29][%mdl 2048] White is really pushing.} Nxd4 (25... Bd7 $16 26. Nxb5 Bxb5) 26. Qxd4 $18 {[%emt 0:00:02] Black must now prevent f4.} Kg8 (26... f6 {might work better.} 27. b3 (27. Bxa6 Bxc2 28. Ra1 Bxa4 $18) 27... Qa5) 27. Nc3 (27. Qxd6 Qxd6 28. Rxd6 Bxc2 29. Bxa6 (29. R1d4 $2 Nc6 $19) 29... Bxd1 (29... Bxa4 30. b3 $16) 30. Rxd1 Ra8 $17) 27... Be6 $2 (27... Qd8 28. Bxa6 Rc5) 28. Bxa6 Rb8 29. Bb5 ({Less strong is} 29. Qxd6 Qxd6 30. Rxd6 Rxb2 $16) 29... Red8 30. a4 d5 31. Qh4 Ng4 32. Nxd5 Bxd5 33. Qxg4 Be6 34. Rxd8+ Rxd8 35. Rxd8+ Qxd8 {[%emt 0:00:00][%mdl 4096] Endgame. KQB-KQB} 36. Qe2 Qf6 37. c3 Qf5 38. h3 Qb1+ 39. Kh2 Qc1 40. Bc6 Bb3 41. a5 Bd1 42. Qe8+ {[%emt 0:00:11] White mates.} Kg7 43. Qe5+ Kg8 44. Bd5 {[%emt 0:00:21] Weighted Error Value: White=0.27 (precise) /Black=0.61.  Missed win:     	White=1     	---        Mistake:       	White=4     	Black=9      Inaccurate:     	White=2     	Black=1      OK:         	White=8     	Black=4      Best:        	White=3     	Black=1      Strong:       	White=1     	---} 1-0

[Event "European Women Rapid-ch 2023"]
[Site "Monaco"]
[Date "2024.01.13"]
[Round "3.16"]
[White "Ushenina, Anna"]
[Black "Schippke, Manon"]
[Result "1-0"]
[ECO "A11"]
[WhiteElo "2415"]
[BlackElo "2162"]
[Annotator "TA"]
[PlyCount "85"]
[EventDate "2023.12.19"]
[EventType "swiss"]
[EventCountry "MNC"]
[SourceTitle "playchess.com"]
[Source "ChessBase"]
[SourceQuality "1"]
[TimeControl "900+10"]

1. Nf3 Nf6 2. c4 c6 3. e3 d5 4. Nc3 e6 5. b3 Nbd7 6. Bb2 Bd6 7. d4 b6 8. Bd3 O-O 9. O-O {[%emt 0:00:03] White has an edge.} Bb7 10. Qe2 c5 11. cxd5 exd5 12. Ba6 Bxa6 13. Qxa6 cxd4 14. Nxd4 Nc5 15. Qe2 Rc8 (15... Qd7 $14) 16. Rfd1 (16. Nf5 $16 {And now Rad1 would win.} Re8 17. Nxd6 Qxd6 18. Nb5) 16... Re8 17. Nf5 Be5 18. Rac1 Qd7 19. Qf3 {[%emt 0:01:50][%cal Rc3d5] [#] Threatens to win with Nxd5!} Qe6 20. Nd4 Qd6 21. Qh3 Qb8 22. Nf3 Bxc3 23. Bxc3 Nce4 24. Bxf6 (24. Bb2 $16) 24... Nxf6 $11 25. Qf5 (25. Rxc8 {with more complications.} Rxc8 26. Qf5 Ne4 27. Ng5) 25... Rxc1 (25... Rc5 $11) 26. Rxc1 $16 Qd6 27. h3 {[%emt 0:00:34] White is more active.} g6 28. Qd3 Ne4 29. Qd4 Qa3 30. Rc2 Rd8 31. Ne5 {[%emt 0:00:11] Black must now prevent b4.} h5 (31... Qe7 $16 {might work better.}) 32. Nc6 $18 Rd7 (32... Re8 {keeps fighting.} 33. Qxd5 Nf6) 33. Nb4 Rd8 {[%emt 0:00:06] Against Rc8} 34. Nxd5 (34. Rc6 $18 Qa5 35. a4) 34... Nd6 $2 (34... Qd6 $16 35. Qxe4 Qxd5 36. Qxd5 Rxd5) 35. Qf6 Rf8 36. Ne7+ Kh7 {[%emt 0:00:01] [#]} 37. Nxg6 $1 Rg8 (37... Ne8 38. Nxf8+) 38. Nf4 {[%emt 0:00:19][%cal Oc2c6] Strongly threatening Rc6!} Qb4 39. Qc3 $2 (39. Kh2) 39... Qe4 {[%emt 0:00:11] Prevents Rc6} (39... Qxc3 $142 40. Rxc3 h4) 40. Rd2 (40. Nxh5 $2 Qxg2#) 40... Nf5 (40... Qb1+ 41. Kh2 Ne4) 41. Qd3 {[%emt 0:00:01] White is clearly winning.} (41. Nxh5 $2 Qxg2#) 41... Qe5 (41... Qxd3 $142 42. Rxd3 Rg5) 42. Nxh5 Rg5 (42... Kh8 $142 43. Qd5 Qxd5 44. Rxd5 Nh6) 43. f4 {[%emt 0:00:15] Weighted Error Value: White=0.63/Black=0.49.  Loses game:     	---       	Black=1      Missed win:     	White=1     	---        Mistake:       	White=2     	Black=7      Inaccurate:     	White=2     	Black=2      OK:         	White=12    	Black=10     Best:        	White=2     	---} 1-0